 Dungeon Crawl Stone Soup version 0.30-a0-953-g5f1da4a474 (webtiles) character file.

Game seed: 14946058334939480014

7124 kae the Transmogrifier (level 11, -3/99 (108) HPs)
             Began as a Naga Transmuter on Mar 28, 2023.
             Was a High Priest of Cheibriados.
             Slain by a wight
             ... wielding a +5 halberd
              (12 damage)
             ... on level 10 of the Dungeon.
             The game lasted 00:10:23 (10748 turns).

kae the Transmogrifier (Naga Transmuter)           Turns: 10748, Time: 00:10:24

HP:   -3/99 (108)   AC:  7    Str: 29    XL:     11   Next: 10%
MP:   25/25         EV: 12    Int: 35    God:    Cheibriados [*****.]
Gold: 579           SH:  0    Dex: 26    Spells: 6/16 levels left

rFire   x . .      SeeInvis +      - Unarmed
rCold   + + +      Faith    .    (shield currently unavailable)
rNeg    . . .      Spirit   .    a - melded +1 robe
rPois   +          Reflect  .    (helmet currently unavailable)
rElec   .          Rampage  .    (cloak currently unavailable)
rCorr   .                        r - melded +1 pair of gloves
Will    +....                    (no barding)
Stlth   ++                       j - amulet of Conformity {RegenMP +Inv Int+6 Dex+3}
HPRegen 0.36/turn                W - ring of magical power
MPRegen 0.59/turn                S - +6 ring of strength

@: ice-form, wereblooded, corroded, drained, very slow
A: freezing attack, amphibious, boosted hp, AC +3, large, see invisible,
(deformed body), (poison resistance), (slowness 2), spit poison 1, (naga tail 1)
a: Spit Poison, End Transformation, Renounce Religion, Evoke Invisibility, Bend
Time, Temporal Distortion, Slouch, Step From Time


You were on level 10 of the Dungeon.
You worshipped Cheibriados.
Cheibriados was extremely pleased with you.
You were a creature of crystalline ice.
You visited 2 branches of the dungeon, and saw 11 of its levels.
You also visited: Ossuary.

You collected 579 gold pieces.


Innate Abilities, Weirdness & Mutations

You are a creature of crystalline ice.
You have a powerful freezing melee attack.
You are amphibious.
Your maximum health is increased.
Your armour is entirely melded.
You are incapable of wielding weapons or throwing items.
((Your serpentine skin is tough. (AC +3)))
You have supernaturally acute eyesight. (SInv)
((Armour fits poorly on your strangely shaped body.))
((Your system is resistant to poisons. (rPois)))
((You cover ground very slowly.))
You can spit poison.
((You have a snake-like lower body.))


   Skills:
 + Level 3.1 Fighting
 + Level 2.9 Dodging
 * Level 8.9 Unarmed Combat
 - Level 3.0 Spellcasting
 - Level 10.3 Transmutations
 - Level 6.0 Ice Magic
 - Level 3.0 Poison Magic
 + Level 7.0 Invocations


You had 6 spell levels left.
You knew the following spells:

 Your Spells              Type           Power      Damage    Failure   Level
a - Beastly Appendage     Tmut           100%       N/A       1%          1
b - Wereblood             Tmut           67%        N/A       1%          2
c - Spider Form           Tmut/Pois      51%        N/A       1%          3
d - Ice Form              Ice/Tmut       58%        N/A       1%          4

Your spell library contained the following spells:

 Spells                   Type           Power      Damage    Failure   Level
 Kiss of Death            Conj/Necr      20%        2d7       4%          1
 Summon Small Mammal      Summ           20%        N/A       4%          1
 Static Discharge         Conj/Air       10%        2-3/arc   8%          2
 Call Canine Familiar     Summ           5%         N/A       16%         3
 Confusing Touch          Hex            5%         N/A       16%         3
 Kindle Blastsparks       Fire/Tloc/Air  10%        2d10      16%         3
 Summon Guardian Golem    Hex/Summ       5%         N/A       16%         3
 Vhi's Electric Charge    Tloc/Air       10%        N/A       16%         3
 Dispel Undead            Necr           5%         3d7       45%         4
 Fulminant Prism          Conj/Hex       2%         3d5       45%         4
 Iskenderun's Mystic Bla  Conj/Tloc      5%         2d3       45%         4
 Arcjolt                  Conj/Air       2%         1d12      80%         5
 Lee's Rapid Deconstruct  Erth           2%         3d5*      80%         5
 Plasma Beam              Fire/Air       2%         2x1d9     80%         5

Inventory:

Missiles
 b - 18 boomerangs
 g - 108 stones
 p - 19 poisoned darts
Armour
 a - a +1 robe (melded)
 r - a +1 pair of gloves (melded)
   (You found it on level 8 of the Dungeon)
Magical Staves
 f - a staff of earth {!a}
   (You found it on level 1 of the Dungeon)
Jewellery
 j - the amulet of Conformity (around neck) {RegenMP +Inv Int+6 Dex+3}
   (You acquired it on level 5 of the Dungeon)

   [amulet of magic regeneration]

   It increases your rate of magic regeneration.
   Int:       It affects your intelligence (+6).
   Dex:       It affects your dexterity (+3).
   +Inv:      It lets you turn invisible.
 A - an amulet of the acrobat
   (You found it on level 1 of the Dungeon)
 F - a ring of protection from fire
   (You found it on level 4 of the Dungeon)
 L - a ring of flight
   (You found it on level 9 of the Dungeon)
 S - a +6 ring of strength (right front paw)
   (You found it on level 9 of the Dungeon)
 W - a ring of magical power (left front paw)
   (You found it on level 2 of the Dungeon)
Wands
 n - a wand of flame (53)
   (You found it on level 2 of the Dungeon)
 y - a wand of roots (9)
   (You found it on level 7 of the Dungeon)
 B - a wand of paralysis (6)
   (You took it off Maggie on level 7 of the Dungeon)
 C - a wand of quicksilver (11)
   (You found it on level 8 of the Dungeon)
 G - a wand of digging (5)
   (You found it on level 9 of the Dungeon)
Scrolls
 c - a scroll of blinking {!r}
 d - 13 scrolls of identify {@r1}
 h - 2 scrolls of immolation {!r!r}
 i - 3 scrolls of poison
 o - 2 scrolls of enchant weapon
 q - 3 scrolls of vulnerability {!r!r}
 s - 2 scrolls of teleportation {@r4}
 w - 2 scrolls of enchant armour
 z - a scroll of fog
 D - a scroll of brand weapon
Potions
 k - 2 potions of magic
 l - 3 potions of might
 m - 7 potions of mutation {!q}
 t - a potion of cancellation
 u - 6 potions of brilliance
 v - a potion of resistance
 E - a potion of flight

Dungeon Overview and Level Annotations

Branches:
Dungeon (10/15) Zot: 40450  Temple (1/1) D:4 Zot: 8817 Ossuary (visited)
   Lair: D:8-11         Orc: D:9-12

Altars:
Ashenzari
Cheibriados
Dithmenos
Elyvilon
Fedhas
Gozag
Hepliaklqana
Kikubaaqudgha
Makhleb
Nemelex Xobeh
Okawaru
Qazlal
Ru
Sif Muna
Trog
Uskayaw
Vehumet
Wu Jian
Xom
Yredelemnul
Zin
The Shining One

Shops:
D:7 [

Annotations:
D:7 exclusion: ice statue
D:8 4 transporters
D:9 3 runed translucent doors, exclusion: ice statue, emiel's ghost, novice NaBe; mopl's ghost, novice DEEn

## ##+######## ...
#.........# ....
+.........# .....
#.........###......
#.........#.'......
#......<.)Yz#......
#.).......### .....
########### ..zz
... ##


You could see a wight.


Message History

The splash of acid hits you!! The acid corrodes you! 😮 HP[-19] MP[+1]
You take 19 damage, and now have 54/105 hp.
You are too injured to fight recklessly!
You are too injured to fight recklessly!
You pummel the acid dragon!! You freeze the acid dragon.
You feel a bit better.
You kill the acid dragon!
Cheibriados thoroughly appreciates the change of pace.
The acid dragon scales are intact enough to wear.
A wight comes into view. It is wielding a +5 short sword.
Your Fighting skill increases to level 3!
Your Invocations skill increases to level 7! 😮 HP[+3]
You now have 108 max hp (+3).
You regained 3 hp, and now have 57/108 hp.
You are too injured to fight recklessly!
You are too injured to fight recklessly!
You punch the wight! 😮 HP[+1] MP[+1]
Your mp is fully restored (25).
Unknown command.
You punch the wight!
You feel a bit better.
You destroy the wight!
Cheibriados appreciates the change of pace.
The wight hits you with a +0 falchion!
* * * LOW HITPOINT WARNING * * *
😨 HP[-10]
You take 10 damage, and now have 48/108 hp.
You are too injured to fight recklessly!
You are too injured to fight recklessly!
You punch the wight! You freeze the wight.
You feel a bit better.
You destroy the wight!
Cheibriados thoroughly appreciates the change of pace. 😨 HP[+1] Unknown command.
The wight barely misses you.
Things that are here:
a +0 falchion; a +0 robe; 😨 HP[+1]
The wight hits you from afar with a +5 halberd.
* * * LOW HITPOINT WARNING * * *
You feel drained.
* * * LOW HITPOINT WARNING * * *
😨 HP[-5]
You now have 105 max hp (-3).
You take 5 damage, and now have 45/105 hp.
The wight misses you.
The wight hits you with a +0 short sword.
* * * LOW HITPOINT WARNING * * *
😨 HP[-3]
You take 3 damage, and now have 42/105 hp.
You punch the wight! You freeze the wight. The wight misses you.
The wight hits you with a +0 short sword.
* * * LOW HITPOINT WARNING * * *
😨 HP[-3]
You take 3 damage, and now have 39/105 hp.
Unknown command.
You pummel the wight!!
You feel a bit better.
You destroy the wight!
Cheibriados appreciates the change of pace.
The wight hits you from afar with a +5 halberd!!
* * * LOW HITPOINT WARNING * * *
You feel drained.
* * * LOW HITPOINT WARNING * * *
😱 HP[-26]
You now have 102 max hp (-3).
You take 26 damage, and now have 13/102 hp.
MASSIVE DAMAGE!! (PAUSE)
The wight barely misses you. x2
There is an open door, spattered with blood here.
Items here: )) [[[ †. 😱 HP[+1] Unknown command.
You completely miss the wight. The wight misses you.
Unknown command.
You hit the wight but do no damage. 😱 HP[+1]
You hit the wight but do no damage. The wight hits you with a +5 halberd!
* * * LOW HITPOINT WARNING * * *
😱 HP[-11]
You take 11 damage, and now have 4/102 hp.
Unknown command.
You hit the wight but do no damage.
You howl as the wereblood boils in your veins!
The wight hits you with a +5 halberd.
* * * LOW HITPOINT WARNING * * *
😱 HP[-3]
You take 3 damage, and now have 1/102 hp.
Unknown command.
You feel better. The wight closely misses you. 😱 HP[+7]
You regained 7 hp, and now have 8/102 hp.
You completely miss the wight. The wight hits you with a +5 halberd.
* * * LOW HITPOINT WARNING * * *
You feel drained.
* * * LOW HITPOINT WARNING * * *
😱 HP[-6]
You now have 99 max hp (-3).
You take 6 damage, and now have 2/99 hp.
You feel better. The wight hits you with a +5 halberd!
You die...

Skill      XL: |  1  2  3  4  5  6  7  8  9 10 11 |
---------------+----------------------------------+-----
Poison Magic   | 1 2 3 |  3.0
Transmutations | 3 4 5 7 9 10 | 10.3
Spellcasting   | 3 |  3.0
Unarmed Combat | 4 5 6 8 |  8.9
Ice Magic      | 2 3 5 6 |  6.0
Invocations    | 2 4 6 7 |  7.0
Dodging        | 2 |  2.9
Fighting       | 2 3 |  3.1

Action                     |  1- 3 |  4- 6 |  7- 9 | 10-12 || total
---------------------------+-------+-------+-------+-------++-------
  Melee: Unarmed           |    83 |   114 |   271 |   151 ||   619
         Headbutt          |     8 |       |       |       ||     8
         Punch             |     2 |     2 |     1 |       ||     5
   Cast: Beastly Appendage |    23 |     1 |       |       ||    24
         Spider Form       |       |    19 |     9 |       ||    28
         Wereblood         |       |     1 |    12 |     7 ||    20
         Ice Form          |       |       |    23 |    14 ||    37
Ability: Spit Poison       |    25 |    31 |     6 |       ||    62
    Use: Scroll            |     2 |     4 |    14 |     4 ||    24
         Potion            |     1 |       |     1 |     4 ||     6
   Stab: Sleeping          |       |       |     1 |       ||     1
 Armour: Robe              |    19 |     4 |    10 |     5 ||    38
         Skin              |     3 |     4 |    76 |    60 ||   143
  Dodge: Dodged            |    52 |   115 |   174 |    79 ||   420

Levels and vault maps discovered:
D:1:      minmay_arrival_five_plusses, layout_basic, dk_noncrumbling_2,
          hangedman_decor_riveting
D:2:      wander_river, layout_loops_corners, uniq_natasha
D:3:      layout_basic, lightli_temple_of_fire, uniq_sigmund
D:4:      nicolae_cairo_tiling_very_big, layout_basic,
          yredelemnul_forgotten_temple_becter, minmay_temple_entry_poolview,
          dreamdust_princess_corridor, nicolae_nh_ransacked_shop
D:5:      nicolae_cairo_tiling_large_dashed, layout_gridville,
          mainiacjoe_overflow_alcove_2
D:6:      layout_loops_cross, general_overflow_altar
D:7:      lemuel_ice_statue, layout_basic, mainiacjoe_overflow_cross_hatched,
          mainiacjoe_overflow_small_starburst, serial_shops,
          nicolae_square_shop, kennysheep_generic_room_10, uniq_maggie
D:8:      layout_basic, overflow_temple_1_default, enter_ossuary_1,
          nicolae_diode_intersection
D:9:      cheibrodos_frozen_isle, layout_loops_corners, gammafunk_ghost_cemetery
D:10:     layout_roguey, dpeg_lair_monsters
Temple:   eino_wide_crystal_templ

Notes
Turn   | Place    | Note
-------+----------+-------------------------------------------
     0 | D:1      | kae the Naga Transmuter began the quest for the Orb.
     0 | D:1      | Reached XP level 1. HP: 18/18 MP: 3/3
     0 | D:1      | magus.rc [v1.11.3]
   148 | D:1      | HP: 4/18 [jackal (1)]
   150 | D:1      | Reached XP level 2. HP: 5/25 MP: 3/5
   377 | D:1      | You pick up a book of Lightning and begin reading...
   377 | D:1      | You add the spells Static Discharge, Vhi's Electric Charge,
                  | Plasma Beam and Arcjolt to your library.
   565 | D:1      | Reached XP level 3. HP: 14/31 MP: 6/6
   568 | D:1      | Learned a level 2 spell: Wereblood
   572 | D:1      | Learned a level 3 spell: Spider Form
  1234 | D:2      | Reached skill level 1 in Poison Magic
  1367 | D:2      | Reached skill level 3 in Transmutations
  1613 | D:2      | Noticed Natasha
  1619 | D:2      | HP: 3/31 [Natasha (9)]
  1625 | D:2      | Killed Natasha
  1626 | D:2      | Reached XP level 4. HP: 6/38 MP: 7/7
  1916 | D:2      | Noticed Natasha
  1924 | D:2      | Killed Natasha
  1925 | D:2      | Reached skill level 2 in Poison Magic
  2019 | D:3      | Noticed Sigmund
  2247 | D:3      | Reached XP level 5. HP: 44/44 MP: 8/8
  2511 | D:3      | Found a bloodstained altar of Trog.
  2854 | D:3      | Reached skill level 3 in Poison Magic
  3015 | D:4      | Reached skill level 4 in Transmutations
  3015 | D:4      | Reached XP level 6. HP: 43/51 MP: 10/10
  3171 | D:4      | Reached skill level 3 in Spellcasting
  3176 | D:4      | Learned a level 4 spell: Ice Form
  3216 | D:4      | Reached skill level 4 in Unarmed Combat
  3414 | D:4      | Found a staircase to the Ecumenical Temple.
  3423 | Temple   | Entered the Ecumenical Temple
  3505 | Temple   | Became a worshipper of Cheibriados the Contemplative
  3879 | D:4      | Reached skill level 1 in Ice Magic
  4125 | D:4      | Found a basalt altar of Yredelemnul.
  4202 | D:5      | Entered Level 5 of the Dungeon
  4205 | D:5      | Identified a scroll of acquirement
  4205 | D:5      | Acquired the amulet of Conformity {RegenMP +Inv Int+6
                  | Dex+3}
  4370 | D:5      | Reached skill level 2 in Ice Magic
  4375 | D:5      | Reached XP level 7. HP: 24/57 MP: 11/11
  4527 | D:5      | Reached skill level 5 in Transmutations
  4787 | D:5      | Reached skill level 3 in Ice Magic
  5019 | D:5      | Found a hide-covered altar of Uskayaw.
  5267 | D:3      | Killed Sigmund
  5353 | D:6      | Reached XP level 8. HP: 64/64 MP: 12/12
  5438 | D:6      | Reached skill level 6 in Transmutations
  5438 | D:6      | Reached skill level 4 in Ice Magic
  5543 | D:6      | Reached skill level 5 in Unarmed Combat
  5559 | D:6      | Reached * piety under Cheibriados
  5754 | D:6      | HP: 16/64 [poisoned by a killer bee]
  6013 | D:6      | Reached skill level 1 in Invocations
  6181 | D:6      | Reached skill level 5 in Ice Magic
  6276 | D:6      | Reached skill level 2 in Invocations
  6470 | D:6      | Found a glowing golden altar of the Shining One.
  6519 | D:7      | Reached skill level 7 in Transmutations
  6655 | D:7      | Reached ** piety under Cheibriados
  6691 | D:7      | Found a glowing silver altar of Zin.
  6733 | D:7      | Reached XP level 9. HP: 70/70 MP: 13/13
  6772 | D:7      | You pick up a book of Blasting and begin reading...
  6772 | D:7      | You add the spells Kindle Blastsparks, Fulminant Prism,
                  | Iskenderun's Mystic Blast and Lee's Rapid Deconstruction to
                  | your library.
  6802 | D:7      | Noticed Maggie
  6886 | D:7      | Found an iron altar of Okawaru.
  6904 | D:7      | You pick up a book of Callings and begin reading...
  6904 | D:7      | You add the spells Summon Small Mammal, Call Canine
                  | Familiar and Summon Guardian Golem to your library.
  6953 | D:7      | Reached skill level 6 in Ice Magic
  6953 | D:7      | Reached skill level 3 in Invocations
  7055 | D:7      | Paralysed by Maggie for 5 turns
  7062 | D:7      | Killed Maggie
  7063 | D:7      | Reached skill level 6 in Unarmed Combat
  7509 | D:7      | Noticed an ice statue
  7570 | D:7      | Found Lusch's Armour Shoppe.
  7725 | D:8      | Reached skill level 8 in Transmutations
  7731 | D:8      | Reached *** piety under Cheibriados
  7738 | D:8      | Found an ornate altar of the Wu Jian Council.
  7829 | D:8      | Found a sand-covered staircase.
  7838 | Ossuary  | Entered an ossuary
  7859 | Ossuary  | Reached skill level 4 in Invocations
  8097 | Ossuary  | Reached skill level 9 in Transmutations
  8108 | Ossuary  | Reached **** piety under Cheibriados
  8194 | Ossuary  | Reached XP level 10. HP: 78/78 MP: 14/14
  8363 | D:8      | Found a transporter.
  8367 | D:8      | Found a transporter.
  8370 | D:8      | Found a transporter.
  8419 | D:8      | Reached skill level 5 in Invocations
  8426 | D:8      | Reached skill level 7 in Unarmed Combat
  8633 | D:8      | You pick up a book of Touch and begin reading...
  8633 | D:8      | You add the spells Kiss of Death, Confusing Touch and
                  | Dispel Undead to your library.
  8797 | D:8      | Found a transporter.
  8961 | D:8      | Reached skill level 10 in Transmutations
  9398 | D:9      | Reached skill level 6 in Invocations
  9640 | D:9      | Reached ***** piety under Cheibriados
  9715 | D:9      | Noticed an ice statue
  9943 | D:9      | HP: 20/92 [hornet (11)]
  9948 | D:9      | HP: 12/94 [poisoned by a hornet]
  9953 | D:9      | HP: 10/94 [poisoned by a hornet]
 10217 | D:9      | Reached skill level 2 in Dodging
 10217 | D:9      | Reached skill level 8 in Unarmed Combat
 10220 | D:9      | Identified the +0 leather armour of Repulsion {+Inv rC+
                  | Str+2}
 10298 | D:9      | Noticed a kobold demonologist
 10302 | D:9      | Reached skill level 2 in Fighting
 10311 | D:9      | Noticed a sixfirhy
 10316 | D:9      | HP: 18/97 [yak (11)]
 10321 | D:9      | HP: 27/145 [poisoned by a kobold demonologist]
 10325 | D:9      | Killed a kobold demonologist
 10326 | D:9      | Reached XP level 11. HP: 32/88 MP: 16/16
 10326 | D:9      | HP: 31/158 [poisoned by a kobold demonologist]
 10331 | D:9      | HP: 32/158 [poisoned by a kobold demonologist]
 10662 | D:9      | Found a runed translucent gate.
 10662 | D:9      | Found a runed translucent gate.
 10662 | D:9      | Found a runed translucent gate.
 10665 | D:9      | Noticed mopl's ghost (novice DEEn)
 10665 | D:9      | Noticed emiel's ghost (novice NaBe)
 10709 | D:10     | Entered Level 10 of the Dungeon
 10733 | D:10     | Reached skill level 3 in Fighting
 10733 | D:10     | Reached skill level 7 in Invocations
 10740 | D:10     | HP: 19/105 [wight/+5 halberd (21)]
 10744 | D:10     | HP: 4/102 [wight/+5 halberd (11)]
 10745 | D:10     | HP: 1/102 [wight/+5 halberd (3)]
 10748 | D:10     | Slain by a wight

Vanquished Creatures
  Maggie (D:7)
  A kobold demonologist (D:9)
  A hornet (D:9)
  Sigmund (D:3)
  A shadow (D:9)
  A basilisk (D:9)
  2 wyverns
  11 yaks
  A steam dragon (D:6)
  An acid dragon (D:10)
  3 water moccasins
  2 orc warriors (D:8)
  3 centaurs
  A kobold brigand (D:7)
  4 bullfrogs
  A wyvern zombie (Ossuary)
  3 scorpions
  6 wights
  A water moccasin zombie (Ossuary)
  7 killer bees
  6 howler monkeys
  8 bullfrog zombies (Ossuary)
  2 centaur zombies (Ossuary)
  3 hounds
  5 orc priests
  Natasha (twice) (D:2)
  17 mummies (Ossuary)
  A sleepcap (D:4)
  3 iguanas
  13 orc wizards
  A killer bee zombie (Ossuary)
  2 howler monkey zombies (Ossuary)
  6 adders
  A shadow imp (D:8)
  A white imp (D:5)
  4 ufetubi
  A worm (D:3)
  3 dart slugs
  30 orcs
  6 ball pythons
  5 endoplasms
  5 giant cockroaches
  5 goblins
  3 hobgoblins
  8 jackals (D:1)
  14 kobolds
  2 quokkas
  8 bats
  4 frilled lizards
  2 rats (D:1)
  A spectral orc (D:4)
224 creatures vanquished.

Vanquished Creatures (others)
  2 withered plants (Ossuary)
2 creatures vanquished.

Grand Total: 226 creatures vanquished

Table legend:
 A = Non-vault XP
 B = Vault XP
 C = Vault XP percentage of total XP
 D = Non-vault monster count
 E = Vault monster count
 F = Vault count percentage of total count
                 A         B        C        D         E       F
            +---------+---------+-------+---------+---------+-------
      Total |    8262 |    1916 |  18.8 |     184 |      40 |  17.9
            +---------+---------+-------+---------+---------+-------
        D:1 |      48 |       0 |   0.0 |      26 |       0 |   0.0
        D:2 |      68 |      39 |  36.4 |      14 |       1 |   6.7
        D:3 |      84 |     226 |  72.9 |      16 |       1 |   5.9
        D:4 |     175 |      84 |  32.4 |      12 |       5 |  29.4
        D:5 |     466 |       0 |   0.0 |      11 |       0 |   0.0
        D:6 |     895 |       0 |   0.0 |      17 |       0 |   0.0
        D:7 |     784 |     404 |  34.0 |      34 |       1 |   2.9
        D:8 |    2106 |       0 |   0.0 |      30 |       0 |   0.0
        D:9 |    3265 |       0 |   0.0 |      20 |       0 |   0.0
       D:10 |     371 |       0 |   0.0 |       4 |       0 |   0.0
    Ossuary |       0 |    1163 | 100.0 |       0 |      32 | 100.0
            +---------+---------+-------+---------+---------+-------

Illustrated notes

Table legend:
 A = Kills in this place as a percentage of kills in the entire game.
 B = Kills by you in this place as a percentage of kills by you in the entire game.
 C = Kills by friends in this place as a percentage of kills by friends in the entire game.
 D = Other kills in this place as a percentage of other kills in the entire game.
 E = Experience gained in this place as a percentage of experience gained in the entire game.
 F = Experience gained in this place divided by the number of levels of this place that you have seen.
                   A       B       C       D       E      F
               +-------+-------+-------+-------+-------+----------------------
         Total | 100.0 | 100.0 |   N/A |   N/A | 100.0 | 848.2
       Dungeon |  85.7 |  85.7 |   N/A |   N/A |  88.6 | 901.5
       Ossuary |  14.3 |  14.3 |   N/A |   N/A |  11.4 | 1163.0
               +-------+-------+-------+-------+-------+----------------------

Table legend: (Time is in decaauts)
 A = Elapsed time spent in this place.
 B = Non-inter-level travel time spent in this place.
 C = Inter-level travel time spent in this place.
 D = Time resting spent in this place.
 E = Time spent auto-exploring this place.
 F = Levels seen in this place.
 G = Mean time per level.
                   A        B        C        D        E       F      G
               +--------+--------+--------+--------+--------+-----+--------+
         Total |  16150 |  15381 |    769 |    369 |  13002 |  12 | 1345.8 |
       Dungeon |  15462 |  14726 |    736 |    357 |  12638 |  10 | 1546.2 |
        Temple |    124 |     92 |     32 |      0 |     74 |   1 |  124.0 |
       Ossuary |    563 |    563 |      0 |     12 |    290 |   1 |  563.0 |
               +--------+--------+--------+--------+--------+-----+--------+

Top non-repeatable levels by time:
     D:9: 2378 daAuts
     D:8: 2258 daAuts
     D:7: 2025 daAuts
     D:6: 1697 daAuts
     D:4: 1619 daAuts
     D:5: 1483 daAuts
     D:3: 1395 daAuts
     D:2: 1385 daAuts
     D:1: 1169 daAuts
 Ossuary: 563 daAuts
  Temple: 124 daAuts
    D:10: 49 daAuts
